Pirates vs Bulldogs

Created - Sunday, January 04, 2015 at 02:25

Goals
1 2 3 OT1 T
Pirates 2 0 0 0 2
Bulldogs 0 1 1 1 3
Shots
1 2 3 OT1 T
Pirates 7 6 5 0 18
Bulldogs 1 7 5 1 14

1st period

1. Pirates , Eric Tangradi 14 (Peter Holland, Brandon Segal) at 8:06
2. Pirates , Nick Johnson 8 (Tobias Rieder, Aaron Rome) at 16:11

Penalties :
Brandon Segal (POR) for Holding (Minor) at 5:28

2nd period

3. Bulldogs , Trevor Smith 14 (Reece Scarlett, Patrick Kaleta) at 6:07

Penalties :
No Penalty

3rd period

4. Bulldogs , Patrick Dwyer 7 (Steven Kampfer) at 0:07

Penalties :
Andrew Alberts (POR) for Holding (Minor) at 6:09, David Steckel (POR) for Hooking (Minor) at 16:39

Overtime #1

5. Bulldogs , Jordan Leopold 7 (Brandon Yip, Cody McCormick) at 0:10

Penalties :
No Penalty

Goalie Stats

Christopher Gibson (POR), 11 saves from 14 shots - (0.786), OTL, 2-0-2, 60:10 minutes
Eric Hartzell (Ham), 16 saves from 18 shots - (0.889), W, 12-5-3, 60:10 minutes

Players Stats for Pirates

Player Name              G  A  P  +/- PIM S  H  SB GA TA FO     MP     PP MP  PK MP  
------------------------------------------------------------------------------------
Aaron Rome               0  1  1   2  0   2  0  3  1  2  0/0    24:04   0:00   2:04 
Andrew Alberts           0  0  0   1  2   1  4  1  0  2  0/0    21:34   0:00   1:08 
Arron Asham              0  0  0   0  0   0  3  0  3  1  0/2    19:14   0:00   2:18 
Bobby Butler             0  0  0  -2  0   0  1  0  0  1  1/4    20:32   0:00   3:17 
Brandon Segal            0  1  1   1  2   0  2  0  1  0  0/0    19:06   0:00   0:00 
Dan Kelly                0  0  0   0  0   0  0  0  0  0  0/0     2:14   0:00   0:00 
David Steckel            0  0  0  -2  2   4  1  0  0  1  8/12   20:36   0:00   2:27 
Eric Tangradi            1  0  1   1  0   2  3  0  4  0  0/0    17:22   0:00   0:00 
Greg Rallo               0  0  0   0  0   2  1  0  2  0  0/0     7:17   0:00   0:00 
Hal Gill                 0  0  0  -2  0   0  2  1  0  1  0/0    25:01   0:00   3:53 
Henrik Tommernes         0  0  0  -3  0   0  1  1  0  1  0/0    24:49   0:00   0:56 
Nick Johnson             1  0  1   0  0   1  0  0  1  2  0/0    18:02   0:00   2:17 
Peter Holland            0  1  1   1  0   3  3  0  5  1  3/5    19:17   0:00   1:06 
Ryan Craig               0  0  0   0  0   0  0  0  0  0  1/1     0:24   0:00   0:00 
Ryan Stoa                0  0  0  -1  0   1  0  1  4  0  0/0    14:47   0:00   0:23 
Tobias Rieder            0  1  1   0  0   2  4  1  2  0  3/6    17:44   0:00   0:06 
Tyler Cuma               0  0  0   0  0   0  0  0  0  0  0/0     0:00   0:00   0:00 
Vincent LoVerde          0  0  0   0  0   0  1  1  0  2  0/0    22:37   0:00   3:53 

Players Stats for Bulldogs

Player Name              G  A  P  +/- PIM S  H  SB GA TA FO     MP     PP MP  PK MP  
------------------------------------------------------------------------------------
B.J. Crombeen            0  0  0   0  0   1  2  0  1  1  0/0    19:14   2:13   0:00 
Brandon Yip              0  1  1   2  0   0  1  0  0  0  0/0    20:57   2:28   0:00 
Chris Conner             0  0  0   0  0   2  2  0  2  0  0/0     7:24   0:53   0:00 
Cody McCormick           0  1  1   2  0   1  1  0  1  1  7/16   18:36   3:14   0:00 
Dalton Prout             0  0  0   0  0   0  0  0  0  0  0/0     1:06   0:00   0:00 
Jean-Francois Jacques    0  0  0  -1  0   0  1  0  3  1  0/0    18:02   0:29   0:00 
Jordan Leopold           1  0  1   1  0   3  0  0  4  1  0/0    23:31   2:50   0:00 
Mark Olver               0  0  0   0  0   1  1  0  2  1  3/6    16:56   2:43   0:00 
Matt Hunwick             0  0  0   0  0   1  1  2  0  3  0/0    25:27   0:00   0:00 
Nathan Beaulieu          0  0  0   0  0   0  0  0  0  0  0/0     0:00   0:00   0:00 
Patrick Dwyer            1  0  1   1  0   3  0  0  3  2  0/0    18:45   3:14   0:00 
Patrick Kaleta           0  1  1  -1  0   1  0  1  2  1  0/0    14:15   0:24   0:00 
Reece Scarlett           0  1  1   1  0   0  0  0  0  0  0/0    20:27   3:07   0:00 
Ryan Carter              0  0  0  -1  0   0  1  3  0  0  0/0    19:09   2:13   0:00 
Ryan Whitney             0  0  0   1  0   0  5  1  1  0  0/0    25:02   2:50   0:00 
Steven Kampfer           0  1  1  -1  0   0  3  1  0  0  0/0    24:47   3:07   0:00 
Tim Kennedy              0  0  0   1  0   0  0  0  0  0  3/6    14:39   0:00   0:00 
Trevor Smith             1  0  1  -1  0   1  0  1  0  0  1/2    12:23   0:00   0:00 

3 Stars

1 - Eric Tangradi (POR)
2 - Patrick Dwyer (Ham)
3 - Jordan Leopold (Ham)

Power Play

Pirates - 0 on 0 Attempt(s) - 0.00%
Bulldogs - 0 on 3 Attempt(s) - 0.00%

Penalty Kill

Pirates - 3 on 3 Attempt(s) - 100.00% - Score 0 goal in Penalty Kill
Bulldogs - 0 on 0 Attempt(s) - 0.00% - Score 0 goal in Penalty Kill

Team Stat

Pirates - Hits : 26 - Faceoff Wins : 16 - Blocked Shots : 9 - Penalty Minutes : 6
Bulldogs - Hits : 18 - Faceoff Wins : 14 - Blocked Shots : 9 - Penalty Minutes : 0

Official

Referees : Unknown
Linesman : Unknown

Game Notes

No Game Note

Finance

Level 1 -- Attendance: 1486 (74.30%) -- Ticket Income $52,010
Level 2 -- Attendance: 685 (68.50%) -- Ticket Income $10,275
Total Attendance: 2171 (72.37%)
Total Ticket Income: $62,285
Other Income: $30,520
Total Income: $92,805

Pirates

5 vs 5 Forward 
   Center                   Left Wing                Right Wing               Time % Phy DF OF 
 1 David Steckel            Ryan Stoa                Bobby Butler             35     1   2  2  
 2 Peter Holland            Eric Tangradi            Brandon Segal            30     1   2  2  
 3 Tobias Rieder            Nick Johnson             Arron Asham              22     1   2  2  
 4 David Steckel            Bobby Butler             Greg Rallo               13     1   2  2  

5 vs 5 Defense 
   Defense                  Defense                                           Time % Phy DF OF 
 1 Hal Gill                 Henrik Tommernes                                  35     1   2  2  
 2 Aaron Rome               Andrew Alberts                                    30     1   2  2  
 3 Vincent LoVerde          Henrik Tommernes                                  22     1   2  2  
 4 Hal Gill                 Aaron Rome                                        13     1   2  2  

PowerPlay Forward 
   Center                   Left Wing                Right Wing               Time % Phy DF OF 
 1 David Steckel            Ryan Stoa                Bobby Butler             60     1   2  2  
 2 Peter Holland            Eric Tangradi            Brandon Segal            40     1   2  2  

PowerPlay Defense
   Defense                  Defense                                           Time % Phy DF OF 
 1 Hal Gill                 Henrik Tommernes                                  60     1   2  2  
 2 Aaron Rome               Andrew Alberts                                    40     1   2  2  

Penalty Kill 4 Players Forward 
   Center                   Wing                     Time % Phy DF OF 
 1 Bobby Butler             David Steckel            60     1   2  2  
 2 Brandon Segal            Ryan Stoa                40     1   2  2  

Penalty Kill 4 Players Defense
   Defense                  Defense                  Time % Phy DF OF 
 1 Hal Gill                 Vincent LoVerde          60     1   2  2  
 2 Aaron Rome               Andrew Alberts           40     1   2  2  

Penalty Kill - 3 Players Forward 
   Forward                                           Time % Phy DF OF 
 1 Bobby Butler                                      60     1   2  2  
 2 David Steckel                                     40     1   2  2  

Penalty Kill - 3 Players Defense
   Defense                  Defense                  Time % Phy DF OF 
 1 Hal Gill                 Vincent LoVerde          60     1   2  2  
 2 Aaron Rome               Andrew Alberts           40     1   2  2  

4 vs 4 Forward 
   Center                   Wing                     Time % Phy DF OF 
 1 Bobby Butler             David Steckel            60     1   2  2  
 2 Brandon Segal            Ryan Stoa                40     1   2  2  

4 vs 4 Defense
   Defense                  Defense                  Time % Phy DF OF 
 1 Hal Gill                 Henrik Tommernes         60     1   2  2  
 2 Aaron Rome               Andrew Alberts           40     1   2  2  

Last Minutes Offensive
   Center                   Left Wing                Right Wing               Defense                  Defense                  
   David Steckel            Ryan Stoa                Bobby Butler             Hal Gill                 Aaron Rome               

Last Minutes Defensive
   Center                   Left Wing                Right Wing               Defense                  Defense                  
   David Steckel            Ryan Stoa                Bobby Butler             Hal Gill                 Aaron Rome               

Goaltenders
Starting : Christopher Gibson       
Backup : Yann Danis               

Extra Forwards
Normal : Tobias Rieder, Nick Johnson, Arron Asham - PP : Tobias Rieder, Nick Johnson - PK : Arron Asham
Extra Defensemen
Normal : Vincent LoVerde, Henrik Tommernes, Aaron Rome - PP : Vincent LoVerde - PK : Henrik Tommernes, Aaron Rome
Penalty Shots
Bobby Butler, David Steckel, Brandon Segal, Ryan Stoa, Peter Holland

Bulldogs

5 vs 5 Forward 
   Center                   Left Wing                Right Wing               Time % Phy DF OF 
 1 Cody McCormick           Patrick Dwyer            Brandon Yip              35     1   2  2  
 2 Mark Olver               Ryan Carter              B.J. Crombeen            30     1   2  2  
 3 Tim Kennedy              Jean-Francois Jacques    Brandon Yip              22     1   2  2  
 4 Trevor Smith             Ryan Carter              Patrick Kaleta           13     1   2  2  

5 vs 5 Defense 
   Defense                  Defense                                           Time % Phy DF OF 
 1 Jordan Leopold           Ryan Whitney                                      35     1   2  2  
 2 Steven Kampfer           Matt Hunwick                                      30     1   2  2  
 3 Reece Scarlett           Matt Hunwick                                      22     1   2  2  
 4 Steven Kampfer           Ryan Whitney                                      13     1   2  2  

PowerPlay Forward 
   Center                   Left Wing                Right Wing               Time % Phy DF OF 
 1 Cody McCormick           Patrick Dwyer            Brandon Yip              60     1   2  2  
 2 Mark Olver               Ryan Carter              B.J. Crombeen            40     1   2  2  

PowerPlay Defense
   Defense                  Defense                                           Time % Phy DF OF 
 1 Jordan Leopold           Ryan Whitney                                      60     1   2  2  
 2 Steven Kampfer           Reece Scarlett                                    40     1   2  2  

Penalty Kill 4 Players Forward 
   Center                   Wing                     Time % Phy DF OF 
 1 Cody McCormick           Brandon Yip              60     1   2  2  
 2 Ryan Carter              B.J. Crombeen            40     1   2  2  

Penalty Kill 4 Players Defense
   Defense                  Defense                  Time % Phy DF OF 
 1 Reece Scarlett           Ryan Whitney             60     1   2  2  
 2 Steven Kampfer           Jordan Leopold           40     1   2  2  

Penalty Kill - 3 Players Forward 
   Forward                                           Time % Phy DF OF 
 1 B.J. Crombeen                                     60     1   2  2  
 2 Cody McCormick                                    40     1   2  2  

Penalty Kill - 3 Players Defense
   Defense                  Defense                  Time % Phy DF OF 
 1 Reece Scarlett           Ryan Whitney             60     1   2  2  
 2 Steven Kampfer           Jordan Leopold           40     1   2  2  

4 vs 4 Forward 
   Center                   Wing                     Time % Phy DF OF 
 1 Cody McCormick           Brandon Yip              60     1   2  2  
 2 Ryan Carter              B.J. Crombeen            40     1   2  2  

4 vs 4 Defense
   Defense                  Defense                  Time % Phy DF OF 
 1 Jordan Leopold           Ryan Whitney             60     1   2  2  
 2 Steven Kampfer           Reece Scarlett           40     1   2  2  

Last Minutes Offensive
   Center                   Left Wing                Right Wing               Defense                  Defense                  
   Cody McCormick           Patrick Dwyer            B.J. Crombeen            Jordan Leopold           Ryan Whitney             

Last Minutes Defensive
   Center                   Left Wing                Right Wing               Defense                  Defense                  
   Cody McCormick           Patrick Dwyer            B.J. Crombeen            Jordan Leopold           Ryan Whitney             

Goaltenders
Starting : Eric Hartzell            
Backup : Jeff Zatkoff             

Extra Forwards
Normal : Jean-Francois Jacques, Brandon Yip, Tim Kennedy - PP : Jean-Francois Jacques, Brandon Yip - PK : Tim Kennedy
Extra Defensemen
Normal : Reece Scarlett, Ryan Whitney, Steven Kampfer - PP : Reece Scarlett - PK : Ryan Whitney, Steven Kampfer
Penalty Shots
Brandon Yip, Jean-Francois Jacques, Ryan Carter, B.J. Crombeen, Cody McCormick

% Time on Ice - Pirates

Lines # - Real PCT - Wanted PCT - Time Play
Normal Forward
1 - 27% - 35% - 14:35
2 - 32% - 30% - 17:22
3 - 29% - 22% - 15:35
4 - 12% - 13% - 6:31
Normal Defense
1 - 31% - 35% - 16:59
2 - 33% - 30% - 17:56
3 - 25% - 22% - 13:41
4 - 10% - 13% - 5:27
PP Forward
1 - 0% - 60%
2 - 0% - 40%
PP Defense
1 - 0% - 60%
2 - 0% - 40%
PK Forward
1 - 94% - 60% - 5:34
2 - 6% - 40% - 0:23
PK Defense
1 - 65% - 60% - 3:53
2 - 35% - 40% - 2:04
PK3 Forward
1 - 0% - 60%
2 - 0% - 40%
PK3 Defense
1 - 0% - 60%
2 - 0% - 40%
44 Forward
1 - 100% - 60% - 0:10
2 - 0% - 40% - 0:00
44 Defense
1 - 100% - 60% - 0:10
2 - 0% - 40% - 0:00
Last Minute Offensive  - 0:00
Last Minute Defensive  - 0:00
Total
Forward - 60:10
Defense - 60:10

% Time on Ice - Bulldogs

Lines # - Real PCT - Wanted PCT - Time Play
Normal Forward
1 - 29% - 35% - 15:35
2 - 26% - 30% - 13:47
3 - 23% - 22% - 12:18
4 - 23% - 13% - 12:23
Normal Defense
1 - 36% - 35% - 19:29
2 - 27% - 30% - 14:46
3 - 23% - 22% - 12:32
4 - 13% - 13% - 7:16
PP Forward
1 - 56% - 60% - 3:20
2 - 44% - 40% - 2:37
PP Defense
1 - 48% - 60% - 2:50
2 - 52% - 40% - 3:07
PK Forward
1 - 0% - 60%
2 - 0% - 40%
PK Defense
1 - 0% - 60%
2 - 0% - 40%
PK3 Forward
1 - 0% - 60%
2 - 0% - 40%
PK3 Defense
1 - 0% - 60%
2 - 0% - 40%
44 Forward
1 - 100% - 60% - 0:10
2 - 0% - 40% - 0:00
44 Defense
1 - 100% - 60% - 0:10
2 - 0% - 40% - 0:00
Last Minute Offensive  - 0:00
Last Minute Defensive  - 0:00
Total
Forward - 60:10
Defense - 60:10

Play by Play

1st period


0:01 of 1st period - David Steckel wins face-off versus Cody McCormick in neutral zone.
0:15 of 1st period - Slapshot by Jordan Leopold.
0:15 of 1st period - Stopped by Christopher Gibson with a rebound.
0:47 of 1st period - Ryan Whitney is hit by Peter Holland.
1:01 of 1st period - Off-side.
1:02 of 1st period - Tobias Rieder wins face-off versus Mark Olver in neutral zone.
4:00 of 1st period - Ryan Carter is hit by Brandon Segal and loses puck.
4:13 of 1st period - Wrist shot by Brandon Segal.
4:13 of 1st period - Shot Blocked by Matt Hunwick.
4:15 of 1st period - Slapshot by Hal Gill.
4:15 of 1st period - Deflect By Eric Tangradi.
4:15 of 1st period - Stopped by Eric Hartzell without a rebound.
4:16 of 1st period - Tim Kennedy wins face-off versus Tobias Rieder in Bulldogs zone.
4:25 of 1st period - Snap shot by Tobias Rieder.
4:25 of 1st period - Stopped by Eric Hartzell with a rebound.
5:28 of 1st period - Minor Penalty to Brandon Segal for Holding.
5:29 of 1st period - Cody McCormick wins face-off versus Bobby Butler in Pirates zone.
5:51 of 1st period - Wrist shot by Bobby Butler.
5:51 of 1st period - Shot Misses the Net.
6:25 of 1st period - Ryan Stoa is hit by B.J. Crombeen and loses puck.
6:34 of 1st period - Snap shot by Ryan Carter.
6:34 of 1st period - Shot Misses the Net.
7:06 of 1st period - Bobby Butler is hit by Cody McCormick and loses puck.
7:28 of 1st period - Penalty to Brandon Segal is over, Brandon Segal is back on ice.
8:06 of 1st period - Snap shot by Eric Tangradi.
8:06 of 1st period - Goal by Eric Tangradi - Pirates : 1 - Bulldogs : 0.
8:07 of 1st period - Tim Kennedy wins face-off versus Arron Asham in neutral zone.
9:02 of 1st period - Wrist shot by Brandon Segal.
9:02 of 1st period - Shot Blocked by Patrick Kaleta.
9:14 of 1st period - Snap shot by Peter Holland.
9:14 of 1st period - Stopped by Eric Hartzell with a rebound.
9:44 of 1st period - Off-side.
9:45 of 1st period - Cody McCormick wins face-off versus David Steckel in neutral zone.
10:04 of 1st period - David Steckel is hit by Steven Kampfer and loses puck.
11:21 of 1st period - Jordan Leopold is hit by Peter Holland and loses puck.
11:39 of 1st period - Snap shot by Greg Rallo.
11:39 of 1st period - Stopped by Eric Hartzell with a rebound.
11:41 of 1st period - Slapshot by Andrew Alberts.
11:41 of 1st period - Stopped by Eric Hartzell without a rebound.
11:42 of 1st period - David Steckel wins face-off versus Cody McCormick in Bulldogs zone.
11:57 of 1st period - Wrist shot by Patrick Dwyer.
11:57 of 1st period - Shot Misses the Net.
12:33 of 1st period - Cody McCormick is hit by Tobias Rieder and loses puck.
13:27 of 1st period - Snap shot by Trevor Smith.
13:27 of 1st period - Deflect By Ryan Carter.
13:27 of 1st period - Shot Misses the Net.
13:27 of 1st period - Puck is out of play.
13:28 of 1st period - Trevor Smith wins face-off versus David Steckel in Pirates zone.
13:53 of 1st period - B.J. Crombeen is hit by Arron Asham.
14:14 of 1st period - Vincent LoVerde is hit by Jean-Francois Jacques and loses puck.
14:29 of 1st period - Jean-Francois Jacques is hit by Eric Tangradi and loses puck.
16:11 of 1st period - Wrist shot by Nick Johnson.
16:11 of 1st period - Goal by Nick Johnson - Pirates : 2 - Bulldogs : 0.
16:12 of 1st period - Peter Holland wins face-off versus Cody McCormick in neutral zone.
16:25 of 1st period - Snap shot by Patrick Dwyer.
16:25 of 1st period - Shot Misses the Net.
17:15 of 1st period - Ryan Whitney is hit by Andrew Alberts and loses puck.
18:36 of 1st period - Ryan Stoa is hit by Ryan Whitney and loses puck.
18:55 of 1st period - Trevor Smith is hit by Eric Tangradi and loses puck.
19:48 of 1st period - Patrick Kaleta is hit by Eric Tangradi and loses puck.
Goals for this period are 2 for Pirates vs 0 for Bulldogs.
Shots for this period are 7 for Pirates vs 1 for Bulldogs.

2nd period


0:01 of 2nd period - Cody McCormick wins face-off versus David Steckel in neutral zone.
0:28 of 2nd period - Snap shot by Cody McCormick.
0:28 of 2nd period - Shot Blocked by Ryan Stoa.
0:52 of 2nd period - Peter Holland is hit by Steven Kampfer and loses puck.
1:10 of 2nd period - Slapshot by Jordan Leopold.
1:10 of 2nd period - Stopped by Christopher Gibson with a rebound.
1:38 of 2nd period - Snap shot by Jordan Leopold.
1:38 of 2nd period - Shot Blocked by Aaron Rome.
1:46 of 2nd period - Slapshot by Tim Kennedy.
1:46 of 2nd period - Shot Misses the Net.
2:14 of 2nd period - Matt Hunwick is hit by Arron Asham and loses puck.
2:27 of 2nd period - Slapshot by David Steckel.
2:27 of 2nd period - Stopped by Eric Hartzell with a rebound.
2:29 of 2nd period - Wrist shot by David Steckel.
2:29 of 2nd period - Shot Blocked by Ryan Carter.
2:42 of 2nd period - Matt Hunwick is hit by Vincent LoVerde and loses puck.
3:09 of 2nd period - Wrist shot by Cody McCormick.
3:09 of 2nd period - Shot Blocked by Aaron Rome.
3:11 of 2nd period - Snap shot by Brandon Yip.
3:11 of 2nd period - Shot Misses the Net.
3:31 of 2nd period - David Steckel is hit by Ryan Whitney and loses puck.
3:51 of 2nd period - Off-side.
3:52 of 2nd period - Tobias Rieder wins face-off versus Cody McCormick in neutral zone.
3:55 of 2nd period - Patrick Dwyer is hit by Andrew Alberts and loses puck.
4:07 of 2nd period - Off-side.
4:08 of 2nd period - Mark Olver wins face-off versus Tobias Rieder in neutral zone.
4:13 of 2nd period - Snap shot by B.J. Crombeen.
4:13 of 2nd period - Shot Misses the Net.
4:33 of 2nd period - Wrist shot by Ryan Stoa.
4:33 of 2nd period - Stopped by Eric Hartzell with a rebound.
4:35 of 2nd period - Snap shot by David Steckel.
4:35 of 2nd period - Shot Misses the Net.
4:37 of 2nd period - Wrist shot by Ryan Stoa.
4:37 of 2nd period - Shot Blocked by Ryan Carter.
4:39 of 2nd period - Snap shot by Andrew Alberts.
4:39 of 2nd period - Shot Blocked by Ryan Carter.
4:45 of 2nd period - Snap shot by David Steckel.
4:45 of 2nd period - Stopped by Eric Hartzell with a rebound.
5:07 of 2nd period - Snap shot by Jean-Francois Jacques.
5:07 of 2nd period - Shot Blocked by Vincent LoVerde.
5:26 of 2nd period - Reece Scarlett is hit by Tobias Rieder and loses puck.
5:43 of 2nd period - Snap shot by Cody McCormick.
5:43 of 2nd period - Stopped by Christopher Gibson with a rebound.
5:57 of 2nd period - Wrist shot by Tim Kennedy.
5:57 of 2nd period - Shot Misses the Net.
5:59 of 2nd period - Slapshot by Matt Hunwick.
5:59 of 2nd period - Deflect By Arron Asham.
5:59 of 2nd period - Stopped by Christopher Gibson with a rebound.
6:01 of 2nd period - Backhand shot by Reece Scarlett.
6:01 of 2nd period - Shot Misses the Net.
6:03 of 2nd period - Snap shot by Patrick Kaleta.
6:03 of 2nd period - Stopped by Christopher Gibson with a rebound.
6:05 of 2nd period - Slapshot by Reece Scarlett.
6:05 of 2nd period - Shot Blocked by Henrik Tommernes.
6:07 of 2nd period - Slapshot by Trevor Smith.
6:07 of 2nd period - Goal by Trevor Smith - Pirates : 2 - Bulldogs : 1.
6:08 of 2nd period - David Steckel wins face-off versus Cody McCormick in neutral zone.
6:15 of 2nd period - Snap shot by David Steckel.
6:15 of 2nd period - Shot Blocked by Ryan Whitney.
6:24 of 2nd period - Snap shot by Hal Gill.
6:24 of 2nd period - Shot Misses the Net.
6:26 of 2nd period - Slapshot by Aaron Rome.
6:26 of 2nd period - Deflect By Patrick Dwyer.
6:26 of 2nd period - Stopped by Eric Hartzell with a rebound.
6:28 of 2nd period - Wrist shot by David Steckel.
6:28 of 2nd period - Stopped by Eric Hartzell without a rebound.
6:29 of 2nd period - Peter Holland wins face-off versus Mark Olver in Bulldogs zone.
7:24 of 2nd period - Wrist shot by David Steckel.
7:24 of 2nd period - Shot Misses the Net.
7:32 of 2nd period - Snap shot by David Steckel.
7:32 of 2nd period - Shot Misses the Net.
8:19 of 2nd period - Brandon Segal is hit by Brandon Yip and loses puck.
8:58 of 2nd period - Wrist shot by B.J. Crombeen.
8:58 of 2nd period - Stopped by Christopher Gibson with a rebound.
9:00 of 2nd period - Snap shot by B.J. Crombeen.
9:00 of 2nd period - Shot Misses the Net.
9:19 of 2nd period - David Steckel is hit by Steven Kampfer and loses puck.
9:42 of 2nd period - Chris Conner is hit by Tobias Rieder and loses puck.
9:47 of 2nd period - Slapshot by Tobias Rieder.
9:47 of 2nd period - Shot Misses the Net.
10:25 of 2nd period - Snap shot by Ryan Stoa.
10:25 of 2nd period - Deflect By Trevor Smith.
10:25 of 2nd period - Shot Misses the Net.
10:25 of 2nd period - Puck is out of play.
10:26 of 2nd period - David Steckel wins face-off versus Trevor Smith in Bulldogs zone.
11:09 of 2nd period - Chris Conner is hit by Tobias Rieder and loses puck.
11:57 of 2nd period - Snap shot by Jordan Leopold.
11:57 of 2nd period - Shot Blocked by Hal Gill.
12:36 of 2nd period - Ryan Whitney is hit by Arron Asham and loses puck.
12:50 of 2nd period - Slapshot by Aaron Rome.
12:50 of 2nd period - Shot Misses the Net.
12:52 of 2nd period - Snap shot by Aaron Rome.
12:52 of 2nd period - Shot Misses the Net.
12:54 of 2nd period - Snap shot by Peter Holland.
12:54 of 2nd period - Shot Misses the Net.
12:56 of 2nd period - Slapshot by Aaron Rome.
12:56 of 2nd period - Shot Misses the Net.
13:10 of 2nd period - David Steckel is hit by Ryan Whitney and loses puck.
13:37 of 2nd period - Matt Hunwick is hit by Andrew Alberts and loses puck.
13:44 of 2nd period - Patrick Dwyer is hit by Andrew Alberts and loses puck.
14:01 of 2nd period - Greg Rallo is hit by Ryan Carter and loses puck.
15:45 of 2nd period - Wrist shot by Chris Conner.
15:45 of 2nd period - Stopped by Christopher Gibson without a rebound.
15:46 of 2nd period - David Steckel wins face-off versus Mark Olver in Pirates zone.
17:10 of 2nd period - Snap shot by Tobias Rieder.
17:10 of 2nd period - Shot Misses the Net.
17:33 of 2nd period - Off-side.
17:34 of 2nd period - Ryan Craig wins face-off versus Tim Kennedy in neutral zone.
17:52 of 2nd period - Brandon Yip is hit by Henrik Tommernes and loses puck.
19:29 of 2nd period - Wrist shot by Tobias Rieder.
19:29 of 2nd period - Shot Blocked by Trevor Smith.
19:31 of 2nd period - Snap shot by Greg Rallo.
19:31 of 2nd period - Stopped by Eric Hartzell without a rebound.
19:32 of 2nd period - Tobias Rieder wins face-off versus Tim Kennedy in Bulldogs zone.
Goals for this period are 0 for Pirates vs 1 for Bulldogs.
Shots for this period are 6 for Pirates vs 7 for Bulldogs.

3rd period


0:01 of 3rd period - David Steckel wins face-off versus Cody McCormick in neutral zone.
0:07 of 3rd period - Snap shot by Patrick Dwyer.
0:07 of 3rd period - Goal by Patrick Dwyer - Pirates : 2 - Bulldogs : 2.
0:08 of 3rd period - David Steckel wins face-off versus Cody McCormick in neutral zone.
1:55 of 3rd period - Wrist shot by Tim Kennedy.
1:55 of 3rd period - Shot Blocked by Aaron Rome.
1:57 of 3rd period - Snap shot by Brandon Yip.
1:57 of 3rd period - Shot Misses the Net.
1:59 of 3rd period - Backhand shot by Tim Kennedy.
1:59 of 3rd period - Shot Misses the Net.
2:01 of 3rd period - Slapshot by Ryan Whitney.
2:01 of 3rd period - Shot Misses the Net.
2:03 of 3rd period - Snap shot by Jean-Francois Jacques.
2:03 of 3rd period - Shot Misses the Net.
2:44 of 3rd period - Matt Hunwick is hit by David Steckel and loses puck.
4:05 of 3rd period - Eric Tangradi is hit by Ryan Whitney and loses puck.
5:21 of 3rd period - Off-side.
5:22 of 3rd period - Cody McCormick wins face-off versus Peter Holland in neutral zone.
5:41 of 3rd period - Wrist shot by Patrick Dwyer.
5:41 of 3rd period - Shot Misses the Net.
6:09 of 3rd period - Minor Penalty to Andrew Alberts for Holding.
6:10 of 3rd period - Bobby Butler wins face-off versus Cody McCormick in Pirates zone.
6:51 of 3rd period - Off-side.
6:52 of 3rd period - Mark Olver wins face-off versus David Steckel in neutral zone.
7:11 of 3rd period - Patrick Dwyer is hit by Hal Gill and loses puck.
7:28 of 3rd period - Snap shot by Mark Olver.
7:28 of 3rd period - Stopped by Christopher Gibson without a rebound.
7:29 of 3rd period - Mark Olver wins face-off versus Arron Asham in Pirates zone.
8:00 of 3rd period - David Steckel is hit by Ryan Whitney and loses puck.
8:09 of 3rd period - Penalty to Andrew Alberts is over, Andrew Alberts is back on ice.
8:15 of 3rd period - Peter Holland is hit by B.J. Crombeen and loses puck.
8:28 of 3rd period - Ryan Carter is hit by Brandon Segal and loses puck.
8:56 of 3rd period - Slapshot by Arron Asham.
8:56 of 3rd period - Shot Misses the Net.
9:26 of 3rd period - Wrist shot by Peter Holland.
9:26 of 3rd period - Shot Blocked by Matt Hunwick.
9:28 of 3rd period - Slapshot by Peter Holland.
9:28 of 3rd period - Stopped by Eric Hartzell with a rebound.
9:30 of 3rd period - Snap shot by Eric Tangradi.
9:30 of 3rd period - Shot Blocked by Steven Kampfer.
9:53 of 3rd period - Wrist shot by Tobias Rieder.
9:53 of 3rd period - Stopped by Eric Hartzell with a rebound.
10:03 of 3rd period - David Steckel is hit by Mark Olver and loses puck.
10:20 of 3rd period - Off-side.
10:21 of 3rd period - Peter Holland wins face-off versus Tim Kennedy in neutral zone.
10:49 of 3rd period - Off-side.
10:50 of 3rd period - Cody McCormick wins face-off versus Tobias Rieder in neutral zone.
11:07 of 3rd period - Snap shot by Tobias Rieder.
11:07 of 3rd period - Shot Misses the Net.
11:27 of 3rd period - Snap shot by Aaron Rome.
11:27 of 3rd period - Stopped by Eric Hartzell with a rebound.
11:29 of 3rd period - Snap shot by David Steckel.
11:29 of 3rd period - Stopped by Eric Hartzell with a rebound.
11:51 of 3rd period - Tobias Rieder is hit by Chris Conner.
11:57 of 3rd period - Jean-Francois Jacques is hit by Hal Gill and loses puck.
12:14 of 3rd period - Brandon Segal is hit by Chris Conner and loses puck.
12:27 of 3rd period - Patrick Dwyer is hit by Peter Holland and loses puck.
12:40 of 3rd period - Trevor Smith is hit by Greg Rallo and loses puck.
13:15 of 3rd period - Wrist shot by Cody McCormick.
13:15 of 3rd period - Shot Blocked by Tobias Rieder.
13:17 of 3rd period - Snap shot by Patrick Dwyer.
13:17 of 3rd period - Shot Blocked by Andrew Alberts.
13:41 of 3rd period - Wrist shot by Peter Holland.
13:41 of 3rd period - Stopped by Eric Hartzell without a rebound.
13:42 of 3rd period - Tim Kennedy wins face-off versus Peter Holland in Bulldogs zone.
14:42 of 3rd period - Dan Kelly is hit by Matt Hunwick and loses puck.
16:39 of 3rd period - Minor Penalty to David Steckel for Hooking.
16:40 of 3rd period - Cody McCormick wins face-off versus Bobby Butler in Pirates zone.
16:55 of 3rd period - Snap shot by Patrick Dwyer.
16:55 of 3rd period - Stopped by Christopher Gibson with a rebound.
16:57 of 3rd period - Wrist shot by Patrick Dwyer.
16:57 of 3rd period - Stopped by Christopher Gibson with a rebound.
17:13 of 3rd period - Wrist shot by Peter Holland.
17:13 of 3rd period - Shot Misses the Net.
17:57 of 3rd period - Patrick Dwyer is hit by Bobby Butler and loses puck.
18:39 of 3rd period - Penalty to David Steckel is over, David Steckel is back on ice.
19:55 of 3rd period - Wrist shot by Chris Conner.
19:55 of 3rd period - Stopped by Christopher Gibson with a rebound.
19:57 of 3rd period - Slapshot by Matt Hunwick.
19:57 of 3rd period - Deflect By Patrick Dwyer.
19:57 of 3rd period - Shot Misses the Net.
19:57 of 3rd period - Puck is out of play.
19:58 of 3rd period - David Steckel wins face-off versus Cody McCormick in Pirates zone.
Goals for this period are 0 for Pirates vs 1 for Bulldogs.
Shots for this period are 5 for Pirates vs 5 for Bulldogs.

Overtime #1


0:01 of 1st overtime period - Cody McCormick wins face-off versus Bobby Butler in neutral zone.
0:10 of 1st overtime period - Slapshot by Jordan Leopold.
0:10 of 1st overtime period - Goal by Jordan Leopold - Pirates : 2 - Bulldogs : 3.
Goals for this period are 0 for Pirates vs 1 for Bulldogs.
Shots for this period are 0 for Pirates vs 1 for Bulldogs.


Output by the SimonT Hockey Simulator (STHS) for Eric Dolegowski -- Original Page W3C XHTML 1.0 Valid
Hockey Simulator - Hockey Simulation - Hockey Manager